Map: [ESL] Amphion

Players

herO

  • Race: Protoss Protoss
  • Spawn Location: 7:00

Maru - Winner!

  • Race: Terran Terran
  • Spawn Location: 11:00

Event: ESL Spring 2024 Finals

VOD

Have the link to the VOD?

Description

Time

  • Played on: June 1, 2024, 3:53 p.m.
  • Length: 9:19

All games in this series

Show
View Real Time Build Order
Export as new Build Order

herO Protoss 

Build Orders: 1 Gate Expand, Oracle Opening 

Get SALT Encoding   

  12  0:00  Probe  
  13  0:12  Probe  
  14  0:18  Pylon  
  14  0:25  Probe (Chrono Boost)  
  15  0:37  Probe (Chrono Boost)  
  15  0:40  Gateway  
  16  0:45  Probe (Chrono Boost)  
  16  0:49  Assimilator  
  17  0:52  Probe  
  18  1:04  Probe  
  19  1:16  Probe  
  20  1:27  Cybernetics Core  
  20  1:39  Nexus  
  20  1:45  Pylon  
  20  1:48  Probe  
  20  1:54  Assimilator  
  22  2:04  Adept  
  22  2:05  Probe (Chrono Boost)  
  24  2:14  Probe (Chrono Boost)  
  25  2:19  Probe (Chrono Boost)  
  25  2:22  Stargate  
  26  2:28  Warp Gate  
  26  2:31  Probe (Chrono Boost)  
  27  2:39  Stalker  
  27  2:42  Probe (Chrono Boost)  
  30  2:48  Probe (Chrono Boost)  
  32  2:51  Probe (Chrono Boost)  
  33  3:00  Probe (Chrono Boost)  
  33  3:01  Probe (Chrono Boost)  
  33  3:02  Oracle (Chrono Boost)  
  37  3:07  Probe  
  37  3:09  Probe  
  39  3:15  Pylon  
  39  3:18  Stalker  
  41  3:21  Probe x2  
  43  3:33  Probe x2  
  43  3:38  Gateway  
  43  3:40  Gateway  
  43  3:44  Shield Battery  
  43  3:46  Probe x2  
  45  3:53  Robotics Facility  
  45  3:57  Assimilator  
  45  3:59  Assimilator, Probe (Chrono Boost)  
  47  4:05  Pylon  
  47  4:06  Probe (Chrono Boost)  
  48  4:10  Probe (Chrono Boost)  
  48  4:14  Probe (Chrono Boost)  
  48  4:15  Probe (Chrono Boost)  
  48  4:17  Stalker  
  52  4:24  Shield Battery  
  52  4:25  Probe  
  52  4:26  Probe  
  54  4:34  Forge  
  54  4:35  Stalker  
  54  4:36  Pylon  
  54  4:38  Probe x2  
  57  4:49  Observer (Chrono Boost)  
  58  4:57  Protoss Ground Weapons Level 1  
  58  5:01  Robotics Bay  
  58  5:05  Immortal (Chrono Boost)  
  66  5:10  Void Ray  
  66  5:11  Pylon  
  66  5:15  Gateway  
  66  5:19  Stalker  
  66  5:20  Sentry  
  70  5:27  Pylon  
  70  5:34  Immortal (Chrono Boost)  
  74  5:47  Nexus  
  74  5:48  Shield Battery  
  74  6:01  Colossus (Chrono Boost)  
  74  6:02  Extended Thermal Lance  
  80  6:06  Zealot  
  80  6:08  Zealot  
  84  6:14  Twilight Council  
  84  6:16  Probe  
  84  6:17  Probe  
  86  6:20  Phoenix  
  84  6:35  Stalker  
  84  6:37  Sentry  
  84  6:39  Pylon  
  86  6:47  Charge (Chrono Boost), Pylon  
  86  6:53  Colossus (Chrono Boost)  
  86  6:56  Protoss Ground Armor Level 1 (Chrono Boost)  
  86  6:57  Probe x2  
  86  6:59  Probe  
  86  7:00  Stalker x2  
  99  7:06  Zealot x2  
  103  7:09  Probe x2  
  105  7:16  Shield Battery  
  105  7:19  Pylon  
  104  7:24  Probe  
  104  7:25  Probe x2  
  104  7:27  Gateway  
  104  7:29  Gateway  
  107  7:37  Templar Archives  
  107  7:44  Gateway x2  
  107  7:46  Warp Prism (Chrono Boost)  
  107  7:51  Probe x3  
  111  7:57  Zealot x2  
  116  8:05  Pylon x2  
  116  8:06  Pylon  
  116  8:10  Pylon  
  115  8:13  Gateway  
  115  8:22  Immortal (Chrono Boost)  
  115  8:23  High Templar  
  115  8:24  High Templar  
  115  8:26  Zealot x3  
  129  8:28  Archon  
  129  8:32  High Templar  
  131  8:40  Shield Battery  
  131  8:41  Pylon  
  131  8:42  Zealot, High Templar  
  131  8:47  Stalker x3, Archon  
Show
View Real Time Build Order
Export as new Build Order

Maru Terran - Winner!

Build Orders: Cyclone Opening 

Get SALT Encoding   

  12  0:00  SCV  
  13  0:12  SCV  
  14  0:17  Supply Depot  
  14  0:24  SCV  
  15  0:39  SCV  
  16  0:43  Barracks  
  16  0:46  Refinery  
  16  0:51  SCV  
  17  1:03  SCV  
  18  1:15  SCV  
  19  1:29  Orbital Command, Marine  
  20  1:44  Command Center  
  20  1:55  SCV  
  20  1:58  Factory  
  21  2:06  Barracks Reactor  
  21  2:07  SCV  
  22  2:11  Supply Depot  
  22  2:19  SCV  
  22  2:20  Refinery  
  23  2:33  SCV  
  24  2:40  Barracks  
  24  2:41  Cyclone  
  24  2:43  Marine x2  
  28  2:45  SCV  
  29  2:57  Orbital Command, SCV  
  30  3:02  Marine  
  30  3:04  Marine  
  32  3:09  SCV  
  33  3:14  Orbital Command, Factory Tech Lab  
  33  3:20  Marine  
  33  3:21  SCV  
  33  3:22  Marine  
  36  3:28  Supply Depot  
  36  3:29  Barracks Tech Lab  
  36  3:34  SCV  
  37  3:39  SCV  
  41  3:42  Marine  
  41  3:43  Marine  
  41  3:48  Marine, Stimpack  
  41  3:50  Supply Depot  
  41  3:53  SCV  
  41  3:54  SCV  
  43  4:01  Factory Reactor  
  43  4:04  Starport  
  43  4:06  SCV x2  
  43  4:09  Marine x2  
  47  4:11  Marine  
  48  4:18  SCV, Engineering Bay  
  48  4:20  SCV  
  50  4:28  Supply Depot  
  50  4:29  Marine x2  
  50  4:30  Marine  
  53  4:32  SCV  
  53  4:33  SCV  
  55  4:44  SCV  
  55  4:45  SCV  
  55  4:49  Terran Infantry Weapons Level 1  
  55  4:50  Medivac  
  56  4:55  Marine  
  56  4:56  SCV  
  56  4:58  Siege Tank  
  60  5:03  Supply Depot  
  60  5:05  SCV  
  60  5:06  Marine x2  
  63  5:08  SCV  
  63  5:11  Medivac  
  63  5:13  Marine  
  67  5:17  Barracks  
  67  5:25  Supply Depot, Marine  
  67  5:26  Marine  
  67  5:27  Refinery  
  69  5:31  Marine  
  69  5:35  SCV x2  
  72  5:37  Siege Tank  
  73  5:43  Supply Depot, Marine x2  
  73  5:47  SCV  
  73  5:48  SCV  
  73  5:49  Marine  
  76  5:51  Missile Turret  
  76  5:53  Combat Shield  
  76  5:59  SCV  
  76  6:00  SCV  
  76  6:01  Marine  
  76  6:03  Marine  
  80  6:05  Medivac  
  80  6:06  Marine  
  83  6:12  Supply Depot  
  83  6:15  Marine x2  
  85  6:19  Marine  
  85  6:21  Siege Tank, Marine  
  85  6:23  SCV x2  
  85  6:24  Marine  
  93  6:37  Marine  
  96  6:40  Marauder  
  96  6:42  Marine  
  96  6:43  SCV x2  
  96  6:45  Supply Depot  
  96  6:46  Supply Depot  
  99  6:47  Refinery, Viking  
  99  6:51  Barracks Tech Lab, Viking  
  103  6:55  SCV x2  
  105  7:02  Command Center  
  101  7:08  SCV x2  
  101  7:13  Supply Depot  
  103  7:17  Viking  
  103  7:21  Viking  
  107  7:29  Siege Tank  
  110  7:35  Marine x2  
  110  7:36  Marauder x2  
  116  7:39  Supply Depot  
  116  7:47  Viking  
  116  7:51  Viking  
  120  7:55  SCV x2  
  122  7:58  Concussive Shells  
  122  8:01  Marine x2, Marauder  
  122  8:02  Marauder  
  128  8:06  Siege Tank  
  128  8:08  SCV x2  
  133  8:14  Orbital Command  
  133  8:21  Marine  
  133  8:23  Marauder x2  
  133  8:26  Viking  
  140  8:32  Viking  
  142  8:40  Siege Tank  
  144  8:47  Marine x2, Marauder x2  
  150  8:49  SCV x3  
  135  9:03  SCV x3  
Tags
 
Add a new tag
Caveats
  • Supply blocks, unpowered buildings, or Contaminate may cause inaccurate times.
  • Supply counts are checked every 10 seconds.